Map: 16-Bit LE

Players

Zode

  • Race: Zerg Zerg
  • League: Master
  • Spawn Location: 7:00

Nordy - Winner!

  • Race: Protoss Protoss
  • League: Diamond
  • Spawn Location: 1:00

VOD

Have the link to the VOD?

Description

Time

  • Played on: July 16, 2018, 8:09 a.m.
  • Length: 6:37
Show
View Real Time Build Order
Export as new Build Order

Zode Zerg 

Build Orders: 3 Hatch before Pool 

Get SALT Encoding   

  12  0:01  Drone  
  13  0:12  Overlord  
  13  0:18  Drone  
  14  0:31  Drone x2  
  14  0:34  Drone  
  17  0:54  Hatchery  
  16  0:57  Drone  
  16  1:00  Drone  
  18  1:23  Hatchery  
  18  1:25  Drone  
  18  1:28  Drone  
  19  1:43  Spawning Pool  
  19  1:45  Drone  
  19  1:49  Drone  
  20  1:56  Overlord  
  20  2:05  Drone  
  20  2:08  Drone  
  22  2:12  Drone  
  23  2:19  Drone  
  24  2:32  Queen x2  
  24  2:34  Zergling x2  
  24  2:35  Spine Crawler  
  24  2:36  Zergling x2  
  29  2:41  Drone x2  
  29  2:43  Extractor  
  29  2:44  Extractor  
  29  2:48  Drone x2  
  31  2:51  Drone  
  31  2:53  Drone  
  31  2:56  Drone  
  34  3:01  Overlord  
  34  3:10  Spore Crawler  
  33  3:14  Spore Crawler  
  33  3:15  Queen  
  34  3:20  Spore Crawler  
  34  3:24  Drone x2  
  35  3:29  Metabolic Boost  
  35  3:33  Drone  
  36  3:40  Queen  
  38  3:51  Roach Warren  
  38  3:55  Overlord  
  37  4:00  Lair  
  37  4:15  Drone x5  
  42  4:27  Overlord x2  
  42  4:45  Queen  
  44  4:49  Roach x6  
  44  4:51  Roach  
  58  5:00  Glial Reconstitution  
  58  5:03  Overlord  
  57  5:15  Spine Crawler  
  56  5:24  Roach  
  56  5:25  Roach x3  
  57  5:52  Roach  
  57  5:53  Roach x6  
  55  6:00  Roach  
  55  6:01  Roach x5  
  55  6:03  Zergling x2  
Show
View Real Time Build Order
Export as new Build Order

Nordy Protoss - Winner!

Build Orders: 1 Gate Expand 

Get SALT Encoding   

  12  0:01  Probe  
  13  0:13  Probe  
  14  0:19  Pylon  
  14  0:25  Probe  
  15  0:34  Probe  
  15  0:41  Gateway  
  15  0:42  Probe  
  16  0:48  Assimilator  
  17  0:51  Probe  
  18  1:03  Probe  
  19  1:15  Probe  
  20  1:28  Nexus  
  20  1:38  Cybernetics Core  
  20  1:44  Assimilator  
  20  1:46  Probe  
  21  1:54  Pylon  
  21  1:59  Probe  
  22  2:06  Stalker  
  22  2:11  Probe  
  23  2:20  Warp Gate  
  25  2:23  Probe  
  26  2:32  Twilight Council  
  26  2:33  Probe  
  26  2:36  Probe  
  27  2:41  Probe  
  28  2:44  Probe  
  30  2:52  Probe  
  30  2:54  Probe  
  32  2:59  Robotics Facility  
  32  3:02  Charge  
  32  3:04  Adept  
  33  3:08  Probe  
  34  3:16  Probe  
  35  3:25  Probe  
  36  3:31  Gateway  
  36  3:33  Gateway  
  36  3:48  Immortal  
  40  3:57  Gateway  
  40  3:59  Gateway  
  40  4:01  Gateway  
  40  4:04  Gateway  
  40  4:08  Pylon  
  40  4:13  Gateway  
  40  4:17  Pylon  
  40  4:20  Warp Prism  
  42  4:32  Zealot x3  
  42  4:37  Pylon  
  48  4:53  Zealot x3, Pylon  
  54  5:11  Pylon  
  54  5:13  Pylon  
  54  5:15  Pylon  
  54  5:16  Zealot x3  
  54  5:17  Zealot x3  
  66  5:41  Zealot x4  
  66  5:42  Zealot x3  
  74  5:53  Zealot  
Tags
 
Add a new tag
Caveats
  • Supply blocks, unpowered buildings, or Contaminate may cause inaccurate times.
  • Supply counts are checked every 10 seconds.